 Dungeon Crawl Stone Soup version 0.31-a0-152-g6aa68a64a1 (webtiles) character file.

Game seed: 13334982660347301207

91 Hajna the Covered (level 4, -1/40 HPs)
             Began as a Hill Orc Fighter on June 11, 2023.
             Slain by an ogre
             ... wielding a +0 giant club
              (18 damage)
             ... on level 4 of the Dungeon.
             The game lasted 00:05:05 (1974 turns).

Hajna the Covered (Hill Orc Fighter)                Turns: 1974, Time: 00:05:06

Health: -1/40      AC:  7    Str: 26    XL:     4   Next: 59%
Magic:  4/4        EV: 10    Int:  8    God:
Gold:   219        SH:  4    Dex: 10    Spells: 2/3 levels left

rFire   . . .        a - +0 war axe
rCold   . . .        c - +0 buckler
rNeg    . . .        b - +0 scale mail
rPois   +            (no helmet)
rElec   .            (no cloak)
rCorr   .            (no gloves)
SInv    .            (no boots)
Will    .....        o - amulet of magic regeneration Stlth
                     f - ring of poison resistance
HPRegen 0.26/turn    l - +6 ring of strength
MPRegen 0.49/turn

%: no passive effects
@: no status effects
A: no striking features
a: no special abilities


You were on level 4 of the Dungeon.
You visited 1 branch of the dungeon, and saw 4 of its levels.

You collected 219 gold pieces.

Inventory:

Hand Weapons
 a - a +0 war axe (weapon)
Missiles
 h - 5 javelins
 p - 2 poisoned darts
Armour
 b - a +0 scale mail (worn)
 c - a +0 buckler (worn)
Jewellery
 f - a ring of poison resistance (left hand)
 l - a +6 ring of strength (right hand)
 o - an amulet of magic regeneration (around neck)
Scrolls
 e - a scroll of fog {unknown}
 i - 2 scrolls of identify {unknown}
 j - 2 scrolls of teleportation {unknown}
 n - a scroll of poison {unknown}
Potions
 d - a potion of might
 g - a potion of curing {unknown}
 k - 2 potions of haste {unknown}
 m - a potion of magic {unknown}
 q - a potion of brilliance {unknown}


   Skills:
 + Level 3.9 Fighting
 + Level 3.6 Axes
 + Level 4.3 Armour
 + Level 1.0 Dodging
 + Level 3.8 Shields


You had 2 spell levels left.
You knew the following spells:

 Your Spells              Type           Power      Damage    Failure   Level
a - Beastly Appendage     Tmut           0%         N/A       75%         1

Your spell library contained the following spells:

 Spells                   Type           Power      Damage    Failure   Level
 Wereblood                Tmut           0%         N/A       86%         2
 Portal Projectile        Hex/Tloc       0%         N/A       98%         3
 Spider Form              Tmut/Pois      0%         N/A       98%         3
 Tukima's Dance           Hex            0%         N/A       98%         3
 Blade Hands              Tmut           0%         N/A       100%        5
 Summon Forest            Summ/Tloc      0%         N/A       100%        5
 Summon Mana Viper        Hex/Summ       0%         N/A       100%        5
 Summon Cactus Giant      Summ           0%         N/A       100%        6


Dungeon Overview and Level Annotations

Branches:
Dungeon (4/15)
 Temple: D:4-7

Altars:
Fedhas

Shops:
D:2 (


Message History

There is an open door here.
There is an open door here.
Found a stone staircase leading up.
An orc comes into view. It is wielding a +0 falchion.
The orc shouts!
Found a fizzy silvery potion.
You block the orc's attack.
You completely miss the orc. You block the orc's attack.
You slash the orc!
You kill the orc!
Things that are here:
a +0 falchion; an orc corpse
k - 2 fizzy silvery potions (gained 1)
You see here a +0 long sword.
Done exploring.
There is a stone staircase leading down here.
You climb downwards.
The adder hisses angrily. x2
There is a stone staircase leading up here.
You miss the adder. You slash the adder! The adder barely misses you.
The adder bites you but does no damage. The adder closely misses you.
The adder bites you but does no damage.
You slash the adder!
You kill the adder!
You hit the adder. The adder bites you but does no damage.
You slash the adder!
You kill the adder!
No target in view!
An ogre comes into view. It is wielding a +0 giant club.
The ogre shouts!
You hit the ogre.
The ogre is lightly wounded.
The ogre hits you with a +0 giant club!!
You slash the ogre!
The ogre is severely wounded.
The ogre hits you with a +0 giant club.
You are too injured to fight recklessly!
You barely miss the ogre.
The ogre is severely wounded.
The ogre hits you with a +0 giant club!!
You die...

. ########## ..
#........# ...
#........# ...#
#........# ####..#
#........###.O...#
#..........#@##..###
#........#.#........
#....<...#.#..#.####
##########.......#
#...###.# #..## #
#.## ... ...#


You could see an ogre.

Vanquished Creatures
  3 adders
  2 dart slugs (D:2)
  An orc (D:3)
  5 bats
  4 endoplasms
  6 giant cockroaches
  9 goblins
  5 hobgoblins
  3 jackals (D:2)
  3 kobolds
  4 ball pythons
  5 frilled lizards
  3 rats
53 creatures vanquished.

Notes
Turn   | Place    | Note
-------+----------+-------------------------------------------
     0 | D:1      | Hajna the Hill Orc Fighter began the quest for the Orb.
     0 | D:1      | Reached XP level 1. HP: 19/19 MP: 1/1
   152 | D:1      | Reached XP level 2. HP: 21/27 MP: 2/2
   611 | D:1      | Reached XP level 3. HP: 30/33 MP: 3/3
   752 | D:1      | You fall into a shaft and drop 1 floor!
   757 | D:2      | Found a blossoming altar of Fedhas.
  1026 | D:2      | Found Rainkief's Antique Weapon Shop.
  1309 | D:2      | Reached skill level 4 in Armour
  1486 | D:3      | Reached XP level 4. HP: 40/40 MP: 4/4
  1595 | D:3      | Reached skill level 1 in Dodging
  1614 | D:3      | Found a blossoming altar of Fedhas.
  1698 | D:3      | Learned a level 1 spell: Beastly Appendage
  1971 | D:4      | Noticed an ogre
  1974 | D:4      | Slain by an ogre

Illustrated notes

Levels and vault maps discovered:
D:1:      dpeg_arrival_rhombus, layout_loops_ring
D:2:      layout_loops_cross, basic_altar, serial_shops,
          nicolae_shop_tiny_waterfront
D:3:      layout_basic, mainiacjoe_overflow_24_doors
D:4:      layout_basic, overflow_temple_1_default,
          minmay_temple_entry_gardened_gates, gammafunk_ghost_icy,
          minmay_fire_ice_demons

Skill      XL: |  1  2  3  4 |
---------------+-------------+-----
Axes           | 3 |  3.6
Armour         | 4 |  4.3
Dodging        | 1 |  1.0
Fighting       | |  3.9
Shields        | |  3.8

Action                     |  1- 3 |  4- 6 || total
---------------------------+-------+-------++-------
  Melee: War axe           |   132 |    37 ||   169
 Armour: Scale mail        |    64 |    14 ||    78
  Dodge: Dodged            |    65 |    16 ||    81
  Block: Buckler           |    21 |    11 ||    32

Table legend: (Time is in decaauts)
 A = Elapsed time spent in this place.
 B = Non-inter-level travel time spent in this place.
 C = Inter-level travel time spent in this place.
 D = Time resting spent in this place.
 E = Time spent auto-exploring this place.
 F = Levels seen in this place.
 G = Mean time per level.
                   A        B        C        D        E       F      G
               +--------+--------+--------+--------+--------+-----+--------+
         Total |   2035 |   1986 |     49 |      0 |   1573 |   4 |  508.8 |
       Dungeon |   2035 |   1986 |     49 |      0 |   1573 |   4 |  508.8 |
               +--------+--------+--------+--------+--------+-----+--------+

Top non-repeatable levels by time:
     D:1: 780 daAuts
     D:2: 749 daAuts
     D:3: 486 daAuts
     D:4: 18 daAuts
